Map: Ever Dream LE

Players

APTX - Winner!

  • Race: Terran Terran
  • League: Diamond
  • Spawn Location: 7:00

A.I. 1 (Very Easy)

  • Race: Protoss Protoss
  • Spawn Location: 1:00

VOD

Have the link to the VOD?

Description

Time

  • Played on: March 26, 2020, 8:50 a.m.
  • Length: 8:06
Show
View Real Time Build Order
Export as new Build Order

APTX Terran - Winner!

Build Orders: Liberator Opening, Reaper Expand 

Get SALT Encoding   

  12  0:00  SCV  
  13  0:12  SCV  
  14  0:17  Supply Depot  
  14  0:24  SCV  
  15  0:39  SCV  
  15  0:40  Barracks  
  16  0:45  Refinery  
  16  0:51  SCV  
  17  1:03  SCV  
  18  1:15  SCV  
  19  1:28  Orbital Command  
  19  1:29  Reaper  
  20  1:40  Command Center  
  20  1:48  Supply Depot  
  20  1:54  Refinery  
  20  1:57  SCV  
  21  2:07  Factory  
  21  2:10  SCV  
  22  2:20  Barracks Reactor  
  23  2:22  SCV  
  23  2:31  Refinery  
  23  2:35  SCV  
  24  2:47  SCV  
  25  2:52  Starport  
  25  2:56  Orbital Command  
  25  2:57  Factory Reactor  
  25  2:59  SCV, Marine  
  25  3:00  Marine  
  28  3:11  SCV  
  29  3:17  Marine  
  29  3:18  Marine  
  31  3:22  SCV  
  31  3:23  SCV  
  33  3:30  Supply Depot  
  33  3:34  SCV, Fusion Core  
  33  3:35  SCV  
  33  3:38  Marine  
  33  3:39  Marine  
  37  3:42  Factory Tech Lab  
  37  3:47  SCV  
  38  3:49  Liberator  
  41  3:55  Liberator  
  41  3:58  SCV  
  41  3:59  SCV  
  46  4:02  Supply Depot  
  46  4:06  Marine  
  47  4:10  SCV  
  47  4:11  Siege Tank  
  47  4:15  SCV  
  52  4:17  Marine  
  52  4:22  SCV  
  54  4:24  Marine  
  54  4:28  Supply Depot, Advanced Ballistics  
  54  4:30  SCV  
  56  4:34  Refinery  
  56  4:35  Marine  
  56  4:37  SCV  
  58  4:42  SCV, Marine  
  60  4:49  SCV  
  60  4:50  Supply Depot  
  61  4:52  Marine  
  61  4:53  Siege Tank  
  61  4:54  SCV  
  66  5:00  Marine  
  66  5:01  SCV  
  66  5:06  SCV  
  69  5:08  Supply Depot  
  69  5:10  Marine  
  69  5:12  Liberator  
  69  5:13  SCV, Supply Depot  
  74  5:18  SCV, Marine  
  76  5:25  SCV  
  76  5:28  Marine  
  77  5:30  Siege Tank, Liberator  
  77  5:33  SCV  
  85  5:35  Supply Depot, Marine  
  86  5:46  Marine  
  86  5:47  SCV  
  86  5:48  SCV  
  89  5:53  Marine  
  89  5:55  Liberator  
  93  5:58  Supply Depot  
  93  6:00  SCV x2  
  93  6:04  Marine  
  95  6:06  Siege Tank  
  99  6:11  Marine  
  99  6:12  SCV x2  
  99  6:14  Command Center  
  102  6:20  Liberator  
  102  6:21  Marine  
  102  6:24  SCV x2  
  108  6:27  Supply Depot  
  108  6:29  Marine  
  109  6:35  Barracks  
  109  6:36  SCV  
  109  6:37  Barracks x2  
  109  6:38  Factory  
  110  6:49  SCV, Marine x2, Siege Tank  
  110  6:50  Supply Depot  
  110  6:53  SCV  
  117  6:57  Supply Depot  
  117  7:01  SCV  
  118  7:11  Marine  
  118  7:12  SCV  
  118  7:13  SCV  
  121  7:19  Marine  
  122  7:24  SCV  
  122  7:29  Marine  
  124  7:31  Barracks Tech Lab  
  124  7:33  Barracks Tech Lab  
  124  7:34  Barracks Reactor  
  124  7:36  Orbital Command, Factory Tech Lab  
  124  7:38  SCV  
  124  7:42  Marine  
  129  7:46  SCV, Armory x2  
  129  7:47  Engineering Bay  
  129  7:50  SCV  
  138  8:03  Supply Depot  
Show
View Real Time Build Order
Export as new Build Order

A.I. 1 (Very Easy) Protoss 

Build Orders:  

Get SALT Encoding   

  12  0:00  Probe  
  13  0:13  Probe  
  14  0:19  Pylon  
  14  0:36  Assimilator  
  14  0:42  Gateway  
  14  0:46  Pylon  
  14  1:14  Assimilator  
  14  1:16  Probe  
  14  1:24  Probe  
  15  1:32  Probe  
  16  1:33  Cybernetics Core  
  17  1:43  Probe  
  18  1:55  Probe  
  18  1:59  Warp Gate  
  19  2:03  Probe  
  20  2:10  Stalker  
  22  5:36  Zealot  
  22  5:37  Probe  
  22  5:38  Pylon  
  25  5:44  Robotics Facility  
  26  5:50  Probe  
  26  6:02  Probe  
  27  6:12  Probe  
  28  6:19  Pylon  
  28  6:20  Probe  
  29  6:31  Observer  
  30  6:33  Zealot  
  32  6:53  Observer  
  33  7:12  Stalker  
  33  7:17  Probe  
  26  7:25  Probe  
  26  7:26  Pylon  
  24  7:35  Probe  
  21  7:42  Nexus, Gateway  
  16  7:46  Pylon  
  16  7:47  Probe  
Tags
 
Add a new tag
Caveats
  • Supply blocks, unpowered buildings, or Contaminate may cause inaccurate times.
  • Supply counts are checked every 10 seconds.